 Dungeon Crawl Stone Soup version 0.30-a0-651-g0755cc6dcf (webtiles) character file.

Game seed: 13937060518636921808

2793 mrchoslav the Cleaver (level 9, -3/81 HPs)
             Began as a Minotaur Fighter on Jan 18, 2023.
             Was an Elder of Okawaru.
             Slain by a hornet (10 damage)
             ... on level 7 of the Dungeon.
             The game lasted 00:13:01 (6601 turns).

mrchoslav the Cleaver (Minotaur Fighter)            Turns: 6601, Time: 00:13:02

Health: -3/81      AC:  9    Str: 25    XL:     9   Next: 43%
Magic:  7/8        EV: 12    Int:  5    God:    Okawaru [****..]
Gold:   394        SH: 11    Dex: 10    Spells: 8/8 levels left

rFire   . . .      SeeInvis +    a - +0 war axe
rCold   . . .      Faith    .    c - +0 buckler
rNeg    . . .      Spirit   .    b - +0 scale mail
rPois   .          Reflect  +    (helmet restricted)
rElec   .          Harm     .    (no cloak)
rCorr   .          Rampage  .    (no gloves)
Will    +....                    (no boots)
Stlth   +                        l - amulet of reflection
HPRegen 0.33/turn                f - ring of willpower
MPRegen 0.11/turn                z - ring of see invisible

@: heroic, attractive, flying, slowed, very slow
A: horns 2, retaliatory headbutt, devolution 1
a: Renounce Religion, Heroism, Finesse


You were on level 7 of the Dungeon.
You worshipped Okawaru.
Okawaru was greatly pleased with you.
You visited 1 branch of the dungeon, and saw 7 of its levels.
You also visited: Ossuary.

You collected 394 gold pieces.

Inventory:

Hand Weapons
 a - a +0 war axe (weapon)
 g - a +0 hand axe
Armour
 b - a +0 scale mail (worn)
 c - a +0 buckler (worn)
Jewellery
 f - a ring of willpower (left hand)
 l - an amulet of reflection (around neck)
 m - a ring of wizardry
 z - a ring of see invisible (right hand)
 H - a ring of protection from fire
Wands
 v - a wand of charming (13)
 A - a wand of light (6)
 J - a wand of roots (12)
Scrolls
 e - a scroll of blinking {unknown}
 i - 2 scrolls of poison {unknown}
 j - 7 scrolls of identify {unknown}
 k - 4 scrolls of fear {unknown}
 n - 5 scrolls of magic mapping
 p - 5 scrolls of teleportation {unknown}
 s - a scroll of fog {unknown}
 x - 3 scrolls of butterflies {unknown}
 y - a scroll of enchant weapon {unknown}
 G - a scroll of noise {unknown}
 I - 2 scrolls of amnesia {unknown}
 K - a scroll of enchant armour {unknown}
Potions
 d - 5 potions of might
 h - 9 potions of curing
 o - 2 potions of magic {unknown}
 q - 2 potions of mutation
 r - a potion of lignification {unknown}
 t - 3 potions of attraction
 u - 2 potions of resistance {unknown}
 w - 2 potions of berserk rage {unknown}
 B - 2 potions of invisibility {unknown}
 C - 2 potions of flight
 D - a potion of heal wounds {unknown}
 E - a potion of cancellation {unknown}
 F - 2 potions of degeneration {unknown}


   Skills:
 * Level 8.0(13.0) Fighting
 * Level 11.5(16.5) Axes
 + Level 6.6(11.6) Armour
 - Level 1.0(6.0) Dodging
 - Level 0.3(5.3) Stealth
 + Level 6.3(11.3) Shields
 * Level 1.3 Invocations


You had 8 spell levels left.
You didn't know any spells.
Your spell library contained the following spells:

 Spells                   Type           Power      Damage    Failure   Level
 Inner Flame              Hex/Fire       0%         N/A       98%         3
 Kindle Blastsparks       Fire/Tloc/Air  0%         2d10      98%         3
 Portal Projectile        Hex/Tloc       0%         N/A       98%         3
 Cause Fear               Hex            0%         N/A       100%        4
 Fulminant Prism          Conj/Hex       0%         3d5       100%        4
 Iskenderun's Mystic Bla  Conj/Tloc      0%         2d3       100%        4
 Leda's Liquefaction      Hex/Erth       0%         N/A       100%        4
 Lee's Rapid Deconstruct  Erth           0%         3d4*      100%        5
 Discord                  Hex            0%         N/A       100%        8
 Call Canine Familiar     Summ           Unusable   N/A       N/A         3

Dungeon Overview and Level Annotations

Branches:
Dungeon (7/15)             Temple (0/1) D:7         Ossuary (visited)

Altars:
Ashenzari
Okawaru
Ru
Wu Jian

Shops:
D:5 *


Innate Abilities, Weirdness & Mutations

You have a pair of horns on your head.
You reflexively headbutt those who attack you in melee.
You have hidden genetic defects.


Message History

* * * LOW HITPOINT WARNING * * *
You feel as though you will be slow longer.
The hornet stings you.
* * * LOW HITPOINT WARNING * * *
You feel as though you will be slow longer.
A gnoll comes into view. It is wielding a +0 halberd.
You hit the hornet but do no damage. Your headbutt misses the hornet.
You feel sick. The hornet closely misses you.
It was a potion of curing.
You feel better.
The hornet stings you but does no damage.
You block the hornet's attack.
The gnoll throws a throwing net.
You reflect the throwing net off an invisible shield around you!
The throwing net hits the gnoll.
The gnoll is caught in the net!
The gnoll struggles against the net.
It was a potion of attraction.
You feel attractive to monsters. The hornet closely misses you.
You furiously retaliate!
You headbutt the hornet. The hornet stings you!
* * * LOW HITPOINT WARNING * * *
You feel as though you will be slow longer.
The gnoll struggles against the net.
The hornet stings you but does no damage.
The gnoll struggles against the net.
You block the gnoll's attack. The gnoll is attracted toward you.
You closely miss the hornet.
The hornet is lightly wounded.
You slash the gnoll!
The hornet stings you but does no damage.
The gnoll barely misses you. You block the gnoll's attack.
The gnoll hits you with a +0 club.
* * * LOW HITPOINT WARNING * * *
It was a potion of mutation.
You feel extremely strange.
You feel a hidden malignance growing inside you.
The hornet stings you but does no damage.
You block the hornet's attack. The gnoll closely misses you.
The gnoll barely misses you. You block the gnoll's attack.
It was a potion of flight.
You feel very buoyant.
You fly up into the air.
The hornet stings you!
You die...

#...## ....... #...##
....... #...## .......
#...## ....... #....[
.......## ##....
......g.# #....
......gg## ####### #####
.......y@###.....# #
.......#..##.....# #
.......##.##.....# #
....... #.##.....# #
....... #.##.....# #
#########........## #
#..............# #
#######....)......##.## #
.........)))..........###
##


You could see a hornet and 3 gnolls.

Vanquished Creatures
  Pikel (D:5)
  Prince Ribbit (D:5)
  Duvessa (D:5)
  A water moccasin (D:7)
  A sky beast (D:7)
  2 black bears (D:5)
  An ogre (D:5)
  A lemure (D:5)
  2 phantoms
  2 elf zombies (D:5)
  A kobold brigand (D:6)
  A bullfrog (D:6)
  2 scorpions
  3 elf skeletons (D:5)
  Dowan (D:5)
  3 hounds
  A human zombie (D:5)
  A jelly (D:5)
  3 orc priests
  4 iguanas
  3 orc wizards
  13 mummies (Ossuary)
  5 adders
  A shadow imp (D:6)
  4 white imps
  3 ufetubi
  3 dart slugs
  14 orcs
  5 endoplasms
  5 giant cockroaches
  6 goblins
  7 hobgoblins
  6 jackals
  7 kobolds
  6 quokkas
  7 ball pythons
  5 bats
  2 frilled lizards (D:3)
  A gnoll skeleton (Ossuary)
  3 goblin skeletons (Ossuary)
  4 kobold skeletons (Ossuary)
  2 orc skeletons (D:5)
  3 orc zombies (D:5)
  3 rats (D:1)
  11 rat skeletons (Ossuary)
  A butterfly (D:7)
163 creatures vanquished.

Notes
Turn   | Place    | Note
-------+----------+-------------------------------------------
     0 | D:1      | mrchoslav the Minotaur Fighter began the quest for the Orb.
     0 | D:1      | Reached XP level 1. HP: 19/19 MP: 0/0
   316 | D:1      | Reached XP level 2. HP: 27/27 MP: 1/1
   670 | D:2      | Reached XP level 3. HP: 33/33 MP: 2/2
  1761 | D:3      | Found an iron altar of Okawaru.
  1940 | D:3      | Reached skill level 3 in Axes
  1998 | D:3      | Became a worshipper of Warmaster Okawaru
  2033 | D:3      | Reached XP level 4. HP: 41/41 MP: 3/3
  2042 | D:3      | Found a faded altar of an unknown god.
  2462 | D:3      | Found a sacrificial altar of Ru.
  2596 | D:4      | Noticed a scorpion
  2655 | D:4      | Killed a scorpion
  2656 | D:4      | Reached skill level 5 in Armour
  2656 | D:4      | Reached skill level 1 in Dodging
  2656 | D:4      | Reached XP level 5. HP: 43/47 MP: 4/4
  2682 | D:4      | Reached skill level 4 in Axes
  2768 | D:4      | Noticed a phantom
  2782 | D:4      | Killed a phantom
  2782 | D:4      | Reached * piety under Okawaru
  2900 | D:4      | Reached XP level 6. HP: 53/53 MP: 5/5
  3101 | D:5      | Entered Level 5 of the Dungeon
  3101 | D:5      | Found Seanoco's General Store.
  3161 | D:5      | Reached skill level 5 in Axes
  3182 | D:5      | Noticed Duvessa
  3184 | D:5      | Noticed Dowan
  3194 | D:5      | Killed Duvessa
  3195 | D:5      | Reached skill level 5 in Fighting
  3197 | D:5      | Killed Dowan
  3326 | D:5      | Found a broken altar of Ashenzari.
  3342 | D:5      | Reached skill level 6 in Axes
  3342 | D:5      | Reached skill level 5 in Shields
  3342 | D:5      | Reached XP level 7. HP: 47/61 MP: 6/6
  3358 | D:5      | Reached ** piety under Okawaru
  3371 | D:5      | Found a sand-covered staircase.
  3386 | Ossuary  | Entered an ossuary
  3786 | Ossuary  | Reached skill level 7 in Axes
  4117 | D:5      | Noticed Prince Ribbit
  4125 | D:5      | Killed Prince Ribbit
  4126 | D:5      | Reached skill level 8 in Axes
  4126 | D:5      | Reached XP level 8. HP: 17/70 MP: 4/7
  4308 | D:5      | Found an ornate altar of the Wu Jian Council.
  4575 | D:5      | Noticed Pikel
  4591 | D:5      | Killed Pikel
  4591 | D:5      | Reached *** piety under Okawaru
  4591 | D:5      | Reached **** piety under Okawaru
  4592 | D:5      | Reached skill level 10 in Axes
  5012 | D:5      | Reached XP level 9. HP: 74/79 MP: 8/8
  5324 | D:6      | Reached skill level 11 in Axes
  6308 | D:7      | Found a staircase to the Ecumenical Temple.
  6395 | D:7      | Reached skill level 1 in Invocations
  6590 | D:7      | Paralysed by a hornet for 1 turns
  6600 | D:7      | Gained mutation: You have hidden genetic defects. [potion
                  | of mutation]
  6601 | D:7      | Slain by a hornet

Illustrated notes

Levels and vault maps discovered:
D:1:      saegor_arrival_simple_a, layout_loops_ring
D:2:      layout_loops_corners
D:3:      layout_loops_corners, nicolae_overflow_crystal_walls,
          nicolae_ru_path_of_blood, dreamdust_ecumenical_altar_statues,
          grunt_decor_one_mirror
D:4:      layout_gridville
D:5:      layout_basic, nicolae_overflow_hidden_temple, lemuel_crystal_altar,
          nicolae_ossuary_entry_catacombs, serial_shops, nicolae_stop_n_shop_1,
          hangedman_decor_growths, minmay_misc_feat_diagonals,
          chequers_serial_rivers_small_a, uniq_prince_ribbit1, uniq_pikel,
          uniq_duvessa
D:6:      layout_basic, eino_tiny_chamber
D:7:      layout_basic, lemuel_doored_altar, minmay_temple_entry_butterflies

Skill      XL: |  1  2  3  4  5  6  7  8  9 |
---------------+----------------------------+-----
Fighting       | 4 5 6 7 8 |  8.0
Armour         | 4 5 6 |  6.6
Shields        | 4 5 6 |  6.3
Axes           | 3 4 6 8 10 11 | 11.5
Dodging        | 1 |  1.0
Invocations    | 1 |  1.3
Stealth        | |  0.3

Action                   |  1- 3 |  4- 6 |  7- 9 || total
-------------------------+-------+-------+-------++-------
Melee: War axe           |    80 |    83 |   261 ||   424
       Headbutt          |    11 |    15 |    49 ||    75
Invok: Heroism           |       |       |     6 ||     6
  Use: Scroll            |       |     1 |       ||     1
       Potion            |       |       |     4 ||     4
Armor: Scale mail        |    45 |    36 |    48 ||   129
Dodge: Dodged            |    39 |    39 |    67 ||   145
Block: Buckler           |    35 |    56 |   100 ||   191
       Reflection        |     1 |     2 |     2 ||     5

Table legend: (Time is in decaauts)
 A = Elapsed time spent in this place.
 B = Non-inter-level travel time spent in this place.
 C = Inter-level travel time spent in this place.
 D = Time resting spent in this place.
 E = Time spent auto-exploring this place.
 F = Levels seen in this place.
 G = Mean time per level.
                   A        B        C        D        E       F      G
               +--------+--------+--------+--------+--------+-----+--------+
         Total |   6678 |   6367 |    311 |    739 |   4478 |   8 |  834.8 |
       Dungeon |   5970 |   5659 |    311 |    636 |   4071 |   7 |  852.9 |
       Ossuary |    707 |    707 |      0 |    103 |    407 |   1 |  707.0 |
               +--------+--------+--------+--------+--------+-----+--------+

Top non-repeatable levels by time:
     D:5: 1419 daAuts
     D:3: 1110 daAuts
     D:6: 853 daAuts
     D:2: 812 daAuts
 Ossuary: 707 daAuts
     D:1: 648 daAuts
     D:4: 582 daAuts
     D:7: 543 daAuts
